 Dungeon Crawl Stone Soup version 0.20-a0-945-g3bf614a (webtiles) character file.

130 nikopol the Skirmisher (level 5, 0/49 HPs)
             Began as a Gargoyle Berserker on Apr 1, 2017.
             Was a Believer of Trog.
             Slain by an orc priest
             ... wielding a +0 mace
              (3 damage)
             ... on level 3 of the Dungeon.
             The game lasted 00:03:32 (2250 turns).

nikopol the Skirmisher (Gargoyle Berserker)         Turns: 2250, Time: 00:03:33

Health: 0/49       AC:  6    Str: 25    XL:     5   Next: 13%
Magic:  5/5        EV: 12    Int:  8    God:    Trog [**....]
Gold:   94         SH:  0    Dex: 10    Spells: 4/4 levels left

rFire    . . .     SeeInvis .   a - +0 hand axe
rCold    . . .     Gourm    .   (no shield)
rNeg     + . .     Faith    .   b - +0 animal skin
rPois    ∞         Spirit   .   (no helmet)
rElec    +         Reflect  .   (no cloak)
rCorr    .         Harm     .   (no gloves)
MR       .....                  (no boots)
Stlth    ..........             (no amulet)
Regen    0.2/turn               (no ring)
MPRegen  0.1/turn               (no ring)

@: berserking, very quick
A: negative energy resistance 1, electricity resistance, unbreathing,
petrification resistance, rot immunity, AC +4
a: Berserk, Trog's Hand, Burn Spellbooks, Renounce Religion


You were on level 3 of the Dungeon.
You worshipped Trog.
Trog was pleased with you.
You were near starving.

You visited 1 branch of the dungeon, and saw 3 of its levels.

You collected 94 gold pieces.

Inventory:

Hand Weapons
 a - a +0 hand axe (weapon)
Missiles
 d - 11 arrows (quivered)
Armour
 b - a +0 animal skin (worn)
Jewellery
 n - a +4 ring of intelligence {unknown}
 o - a cursed ring of fire {unknown}
Wands
 l - a wand of polymorph (10/24)
Scrolls
 e - a scroll of remove curse {unknown}
 f - a scroll of random uselessness {unknown}
 k - a scroll of recharging {unknown}
Potions
 h - 2 potions of resistance {unknown}
 i - a potion of invisibility {unknown}
 j - 2 potions of agility {unknown}
 m - a potion of ambrosia {unknown}
Comestibles
 c - 5 bread rations


   Skills:
 + Level 4.1 Fighting
 + Level 3.4 Axes
 + Level 3.3 Armour
 + Level 2.5 Dodging


You had 4 spell levels left.
You didn't know any spells.

Dungeon Overview and Level Annotations

Branches:
Dungeon (3/15)

Altars:
Elyvilon
Qazlal
Vehumet
Xom


Innate Abilities, Weirdness & Mutations

You are resistant to torment.
Your stone body is resilient. (AC +4)
You are immune to poison.
You resist negative energy. (rN+)
You are resistant to electric shocks. (rElec)
You can survive without breathing.
You are immune to petrification.
You are immune to rotting.


Message History

You are too injured to fight recklessly!
You are too injured to fight recklessly!
You are too injured to fight recklessly!
You are too injured to fight recklessly!
You are too injured to fight recklessly!
You are too injured to fight recklessly!
You are too injured to fight recklessly!
A red film seems to cover your vision as you go berserk!
You feel yourself moving faster!
You feel mighty!
You are near starving!
The orc priest mumbles some strange prayers to Beogh against you.
Beogh smites you!
* * * LOW HITPOINT WARNING * * *
You slash the orc priest!
The orc priest is severely wounded.
The orc priest barely misses you.
You barely miss the orc priest.
The orc priest is severely wounded.
The orc priest hits you with a mace.
You die...

. ...
....g################
....olo@...........<#
.....################
... .


You could see an orc priest, an orc, a goblin and a frilled lizard.

Vanquished Creatures
  Jessica (D:2)
  A gnoll (D:1)
  2 adders (D:2)
  3 dart slugs (D:1)
  3 leopard geckos
  6 orcs
  A ball python (D:1)
  7 bats
  3 giant cockroaches (D:1)
  7 goblins
  10 hobgoblins
  4 jackals (D:1)
  3 kobolds
  2 frilled lizards
  3 rats
56 creatures vanquished.

Vanquished Creatures (others)
  A kobold (D:2)
1 creature vanquished.

Grand Total: 57 creatures vanquished

Notes
Turn   | Place    | Note
-------+----------+-------------------------------------------
     0 | D:1      | nikopol the Gargoyle Berserker began the quest for the Orb.
     0 | D:1      | Reached XP level 1. HP: 14/14 MP: 1/1
   299 | D:1      | Reached XP level 2. HP: 19/19 MP: 2/2
   560 | D:1      | Reached XP level 3. HP: 9/23 MP: 3/3
   563 | D:1      | Reached ** piety under Trog
  1323 | D:2      | Reached XP level 4. HP: 29/29 MP: 4/4
  1603 | D:2      | Noticed Jessica
  1607 | D:2      | Killed Jessica
  1607 | D:2      | Reached skill level 4 in Fighting
  1819 | D:2      | Found a radiant altar of Vehumet.
  1828 | D:2      | Reached XP level 5. HP: 26/33 MP: 5/5
  2066 | D:2      | Found a stormy altar of Qazlal.
  2155 | D:2      | Found a shimmering altar of Xom.
  2156 | D:2      | Found a white marble altar of Elyvilon.
  2250 | D:3      | Slain by an orc priest

Vault maps used:
D:1:      arrival_zaba_pyramid
D:2:      grunt_qazlal_clouds, nicolae_overflow_crystal_walls, minitemple,
          first_bread, guppyfry_early_orc_mine, uniq_jessica
D:3:      lemuel_doored_altar, nicolae_tso_carved_into_rock

Skill      XL: |  1  2  3  4 |
---------------+-------------+-----
Dodging        | 2 |  2.5
Axes           | 3 |  3.4
Armour         | 3 |  3.3
Fighting       | 4 |  4.1

Action                   |  1- 3 |  4- 6 || total
-------------------------+-------+-------++-------
Melee: Hand axe          |   104 |    73 ||   177
       Unarmed           |       |     1 ||     1
Invok: Berserk           |     1 |     2 ||     3
  Eat: Chunk             |     3 |     3 ||     6
Armor: Animal skin       |    40 |    17 ||    57
Dodge: Dodged            |    77 |    41 ||   118
